AoeStats
← bkg45

MegaRandom

507605122Analyzed
4v4 RM · 13d ago on Sep 19, 2026· 46m 42s· 8 players
Game mode
Random Map
Map size
Large (8 player)
Population
200
Speed
Normal
Resources
Standard
Victory
Conquest
Starting age
Dark Age
Ending age
Imperial Age
RankedLock teamsTeams togetherTeam positionsShared explorationLock speedFull tech treeHidden civsTurbo modeCheats
Victory
Defeat
🇺🇸 Vietnamese · United States
1314
+13
🇺🇸 Italians · United States
1231
+16
🇨🇦 Teutons · Canada
1225
+17
🇺🇸 Ethiopians · United States
1136
+20
🇸🇦 Bohemians · Saudi Arabia
1265
-18
🇸🇻 Tatars · El Salvador
1250
-17
🇺🇸 Dravidians · United States
1234
-16
🇦🇷 Slavs · Argentina
1211
-15
meeees
9:25 Loom
11:10 Feudal Age
11:16 Feudal Age
12:10 Double-Bit Axe
15:05 Castle Age
14:18 Wheelbarrow
15:23 Fletching
15:29 Horse Collar
18:57 Bodkin Arrow
19:59 Padded Archer Armor
21:05 Bow Saw
23:03 Hand Cart
24:07 Leather Archer Armor
25:15 Town Watch
25:57 Heavy Plow
29:43 Imperial Age
28:03 Thumb Ring
28:33 Ballistics
30:36 Bracer
31:50 Chemistry
30:52 Elite Elephant Archer
31:50 Husbandry
34:17 Medical Corps
35:08 Conscription
37:01 Ring Archer Armor
39:32 Gold Mining
41:57 Scale Barding Armor
41:16 Light Cavalry
43:28 Chain Barding Armor
Yaoces
6:20 Loom
9:21 Feudal Age
12:26 Double-Bit Axe
18:23 Castle Age
17:17 Horse Collar
18:21 Bloodlines
18:22 Forging
20:14 Scale Barding Armor
24:22 Husbandry
25:06 Chain Barding Armor
30:13 Wheelbarrow
34:05 Gold Mining
35:23 Bow Saw
35:57 Stone Mining
36:46 Gold Shaft Mining
37:45 Iron Casting
40:58 Imperial Age
38:37 Elite Skirmisher
40:02 Heavy Plow
40:58 Ballistics
40:30 Fletching
41:29 Bodkin Arrow
41:36 Padded Archer Armor
41:11 Light Cavalry
42:22 Bracer
42:39 Leather Archer Armor
44:14 Ring Archer Armor
44:45 Blast Furnace
44:21 Plate Barding Armor
46:09 Chemistry
45:37 Conscription
45:12 Hussar
Don3z
5:40 Loom
11:14 Feudal Age
12:21 Double-Bit Axe
14:54 Fletching
18:20 Padded Archer Armor
19:02 Wheelbarrow
25:51 Castle Age
25:56 Crossbowman
26:31 Bodkin Arrow
27:04 Leather Archer Armor
28:28 Ballistics
29:09 Chemistry
34:36 Imperial Age
32:24 Hand Cart
32:45 Town Watch
33:55 Horse Collar
34:57 Town Patrol
36:07 Arbalester
40:39 Light Cavalry
41:21 Husbandry
41:32 Forging
41:29 Scale Barding Armor
43:44 Iron Casting
0xGonzalo
8:58 Loom
11:49 Feudal Age
13:39 Double-Bit Axe
16:54 Castle Age
27:41 Imperial Age
27:00 Scale Barding Armor
29:01 Chain Barding Armor
28:41 Scale Mail Armor
29:11 Bloodlines
29:58 Town Watch
32:32 Plate Barding Armor
32:40 Forging
33:45 Husbandry
33:31 Cavalier
41:10 Horse Collar
FEMALE INCA VILLAGER
7:42 Loom
10:56 Feudal Age
11:34 Feudal Age
13:16 Double-Bit Axe
16:10 Castle Age
14:27 Horse Collar
17:21 Bow Saw
21:13 Wheelbarrow
20:29 Town Watch
21:38 Gold Mining
24:16 Hand Cart
29:30 Imperial Age
27:50 Forging
27:50 Scale Barding Armor
29:50 Chain Barding Armor
30:06 Iron Casting
29:45 Bloodlines
31:11 Chemistry
29:36 Cavalier
31:53 Plate Barding Armor
32:51 Blast Furnace
32:53 Coinage
33:41 Paladin
35:59 Siege Engineers
35:43 Arrowslits
37:02 Conscription
37:38 Banking
osteor10
1:58 Loom
11:50 Feudal Age
24:38 Wheelbarrow
33:12 Double-Bit Axe
36:38 Castle Age
35:04 Horse Collar
35:20 Fletching
41:20 Bow Saw
Howie
7:25 Loom
10:39 Feudal Age
14:59 Castle Age
12:55 Double-Bit Axe
18:53 Fletching
20:02 Padded Archer Armor
22:17 Bodkin Arrow
26:42 Ballistics
29:21 Leather Archer Armor
32:54 Imperial Age
31:10 Wheelbarrow
30:21 Town Watch
30:57 Gold Mining
33:38 Bow Saw
34:44 Chemistry
33:14 Elite Genoese Crossbowman
34:36 Bracer
35:39 Conscription
36:04 Masonry
37:46 Hand Cart
44:11 Ring Archer Armor
44:07 Thumb Ring
44:46 Scale Barding Armor
44:52 Forging
45:36 Bloodlines
45:27 Husbandry
44:48 Light Cavalry
46:50 Chain Barding Armor
47:05 Iron Casting
bkg45
4:43 Loom
11:39 Feudal Age
15:37 Castle Age
14:53 Town Watch
15:03 Double-Bit Axe
14:59 Horse Collar
17:30 Heavy Plow
20:58 Wheelbarrow
21:19 Fletching
23:03 Bodkin Arrow
24:46 Padded Archer Armor
24:39 Gold Mining
24:40 Stone Mining
25:59 Stone Shaft Mining
29:54 Imperial Age
30:38 Ballistics
31:01 Bracer
33:10 Thumb Ring
33:37 Leather Archer Armor
35:08 Chemistry
34:13 Elite Rattan Archer
38:07 Ring Archer Armor
43:38 Bow Saw
Connection lost

Rejoining the realm…

Still unreachable

The connection could not be restored.

Session expired

The server has moved on; the page needs a fresh start.